 Dungeon Crawl Stone Soup version 0.31-a0-1540-g5a0b83f448 (webtiles) character file.

Game seed: 4338388061203630037

6647 Persephone the Slicer (level 11, -6/87 (90) HPs)
             Began as a Vine Stalker Berserker on Jan 1, 2024.
             Was a Priest of Trog.
             Mangled by a spectral orc knight
             ... wielding a +0 great sword
             ... summoned by Nergalle
              (11 damage)
             ... on level 10 of the Dungeon.
             The game lasted 00:14:02 (7373 turns).

Persephone the Slicer (Vine Stalker Berserker)      Turns: 7373, Time: 00:14:02

HP:   -6/87 (90)    AC:  6    Str: 20    XL:     11   Next: 2%
MP:   0/12          EV: 16    Int:  7    God:    Trog [***...]
Gold: 226           SH:  0    Dex: 24    Spells: 10/10 levels left

rFire   + . .        b - +3 short sword
rCold   . . .        (no shield)
rNeg    + . .        v - +1 ring mail of Elyvilon's Supremacy {rElec rF+ rN+ Regen+}
rPois   .            (no helmet)
rElec   +            (no cloak)
rCorr   .            (no gloves)
SInv    .            (no boots)
Will    ++++.        c - amulet of magic regeneration Stlth
                     f - +6 ring of dexterity
HPRegen 2.94/turn    l - ring of willpower
MPRegen 0.53/turn

%: guardian spirit
@: berserking, lethally poisoned (-6 -> -10), strong-willed, regenerating,
lightly drained, very quick
A: fangs 3, regeneration 1, magic shield, antimagic bite, no potion heal 2
a: Renounce Religion, Berserk, Trog's Hand


You were on level 10 of the Dungeon.
You worshipped Trog.
Trog was most pleased with you.
You visited 1 branch of the dungeon, and saw 10 of its levels.

You collected 602 gold pieces.
You spent 376 gold pieces at shops.

Inventory:

Hand Weapons
 b - a +3 short sword (weapon)
Armour
 v - the +1 ring mail of Elyvilon's Supremacy (worn) {rElec rF+ rN+ Regen+}
   (You bought it in a shop on level 5 of the Dungeon)

   rF+:       It protects you from fire.
   rElec:     It insulates you from electricity.
   rN+:       It protects you from negative energy.
   Regen+:    It increases your rate of health regeneration.
Jewellery
 c - an amulet of magic regeneration (around neck)
 d - a ring of poison resistance
 f - a +6 ring of dexterity (left hand)
 l - a ring of willpower (right hand)
 m - a +5 ring of evasion
 o - a ring of see invisible
 w - a +6 ring of strength
Wands
 s - a wand of paralysis (28)
Scrolls
 g - 2 scrolls of fear
 k - a scroll of immolation
 q - a scroll of fog
Potions
 a - 3 potions of invisibility
 e - a potion of curing
 h - 5 potions of haste
 i - a potion of degeneration
 j - 2 potions of lignification
 n - 4 potions of brilliance
 p - a potion of attraction
 r - 2 potions of heal wounds
 t - 2 potions of cancellation {unknown}
 u - a potion of enlightenment {unknown}


   Skills:
 + Level 8.4 Fighting
 - Level 10.0 Short Blades
 - Level 1.5 Armour
 + Level 7.4 Dodging
 - Level 5.0 Stealth


You had 10 spell levels left.
You didn't know any spells.
Your spell library was empty.

Dungeon Overview and Level Annotations

Branches:
Dungeon (10/15)            Temple (0/1) D:7
   Lair: D:8-11         Orc: D:9-12

Altars:
Ashenzari
Dithmenos
Elyvilon
Fedhas
Kikubaaqudgha
Makhleb
Qazlal
Ru
Uskayaw
Wu Jian
Xom
The Shining One

Shops:
D:5 [

Annotations:
D:7 3 runed translucent doors, Azoth's ghost, novice DEFE
D:9 2 transporters, justen's ghost, novice MiBe
D:10 Nergalle


Innate Abilities, Weirdness & Mutations

You have razor-sharp teeth.
Your natural rate of healing is unusually fast.
When hurt, damage is shared between your health and your magic reserves.
Your bite disrupts and absorbs the magic of your enemies.
Potions cannot restore your health.


Message History

You hit Nergalle.
Nergalle is lightly wounded.
You feel sick. The yak misses you. Nergalle hits you but does no damage.
You are more poisoned.
The spectral orc knight hits you with a +0 battleaxe.
You partially resist.
You feel drained.
A red film seems to cover your vision as you go berserk!
You feel yourself moving faster!
You feel mighty!
You feel very sick.
The spectral orc warrior completely misses you.
The spectral orc knight misses you. Nergalle closely misses you.
The yak gores you. The spectral orc warrior hits you! You partially resist.
You feel drained.
The spectral orc knight hits you with a +0 battleaxe!
* * * LOW HITPOINT WARNING * * *
You hit Nergalle but do no damage.
Nergalle is lightly wounded.
You feel sick.
The spectral orc warrior closely misses you.
You hit Nergalle but do no damage.
Nergalle is lightly wounded.
You feel sick.
The spectral orc knight completely misses you.
The yak gores you!
* * * LOW HITPOINT WARNING * * *
Nergalle hits you with a +0 dagger of venom.
* * * LOW HITPOINT WARNING * * *
You are more poisoned.
The spectral orc warrior hits you but does no damage.
You completely miss Nergalle.
Nergalle is lightly wounded.
You feel very sick.
The spectral orc knight hits you with a +0 battleaxe!
* * * LOW HITPOINT WARNING * * *
You hit Nergalle but do no damage.
Nergalle is lightly wounded.
You feel sick.
The spectral orc warrior hits you but does no damage.
The spectral orc knight hits you with a +0 great sword!
You die...

.PP.P............
P.P...............#
...P...............
P.P.PP...../.......
#.............Z...
#..PP.............
+.(.P..[.......#
#P.P....?YoZ...#
.P.....##sZ@.##.#
.PPP... #.ZZ##
.P...........#
P..........<..#
..............#
..............#
#.....?...##
##...#...##
#########


You could see Nergalle (magic disrupted), 3 spectral orc warriors, 2 spectral
orc knights, a yak and a scorpion.

Vanquished Creatures
  Pikel (D:5)
  Grinder (D:6)
  A hornet (D:8)
  2 trolls
  Sigmund (D:4)
  11 yaks
  A steam dragon (D:6)
  Menkaure (D:5)
  Edmund (D:4)
  2 water moccasins
  3 black bears (D:6)
  2 sky beasts (D:8)
  3 orc warriors (D:8)
  2 ogres
  A centaur (D:7)
  Blork the orc (D:5)
  A kobold brigand (D:5)
  3 bullfrogs
  5 scorpions
  4 wights (D:9)
  4 killer bees (D:9)
  4 bombardier beetles
  4 hounds
  A jelly (D:6)
  Crazy Yiuf (D:5)
  4 orc priests
  A sleepcap (D:2)
  Ijyb (D:5)
  3 iguanas
  7 orc wizards
  15 adders
  A shadow imp (D:7)
  A white imp (D:7)
  2 ufetubi (D:5)
  3 dart slugs
  3 ribbon worms
  21 orcs
  2 endoplasms
  2 giant cockroaches
  7 goblins
  9 hobgoblins
  4 jackals (D:5)
  27 kobolds
  7 quokkas
  8 ball pythons
  4 bats
  5 rats
198 creatures vanquished.

Notes
Turn   | Place    | Note
-------+----------+-------------------------------------------
     0 | D:1      | Persephone the Vine Stalker Berserker began the quest for
                  | the Orb.
     0 | D:1      | Reached XP level 1. HP: 11/11 MP: 2/2
   230 | D:1      | Reached skill level 3 in Short Blades
   230 | D:1      | Reached XP level 2. HP: 15/16 MP: 3/3
   697 | D:2      | Reached XP level 3. HP: 12/20 MP: 4/4
   806 | D:2      | Reached XP level 4. HP: 23/24 MP: 5/5
   848 | D:2      | Found a faded altar of an unknown god.
   984 | D:2      | Reached ** piety under Trog
  1423 | D:3      | Reached skill level 4 in Short Blades
  1448 | D:3      | Reached XP level 5. HP: 28/28 MP: 6/6
  1513 | D:3      | Found a faded altar of an unknown god.
  1517 | D:3      | Found a hide-covered altar of Uskayaw.
  1984 | D:4      | Noticed an ogre
  1987 | D:4      | Noticed Edmund
  1998 | D:4      | Killed Edmund
  1999 | D:4      | Reached XP level 6. HP: 29/33 MP: 7/7
  2093 | D:4      | Found a white marble altar of Elyvilon.
  2242 | D:4      | Noticed Sigmund
  2250 | D:4      | Killed Sigmund
  2251 | D:4      | Reached skill level 5 in Short Blades
  2251 | D:4      | Reached XP level 7. HP: 27/37 MP: 6/8
  2932 | D:5      | Entered Level 5 of the Dungeon
  2963 | D:5      | Reached skill level 6 in Short Blades
  2983 | D:5      | Noticed Blork the orc
  2993 | D:5      | Killed Blork the orc
  3047 | D:5      | Found Laqihon's Armour Boutique.
  3086 | D:5      | Gained mutation: You have razor-sharp teeth. [Vine Stalker
                  | growth]
  3086 | D:5      | Reached XP level 8. HP: 42/42 MP: 7/9
  3162 | D:5      | Reached *** piety under Trog
  3170 | D:5      | Found a sacrificial altar of Ru.
  3170 | D:5      | Noticed Pikel
  3192 | D:5      | Killed Pikel
  3193 | D:5      | Reached skill level 5 in Fighting
  3193 | D:5      | Reached skill level 7 in Short Blades
  3196 | D:5      | Noticed Menkaure
  3200 | D:5      | Killed Menkaure
  3377 | D:5      | Reached XP level 9. HP: 48/48 MP: 8/10
  3697 | D:5      | Reached skill level 5 in Dodging
  3773 | D:5      | Noticed Ijyb
  3781 | D:5      | Killed Ijyb
  4004 | D:6      | Reached skill level 8 in Short Blades
  4057 | D:5      | Found a runed translucent door.
  4059 | D:5      | Noticed Crazy Yiuf
  4111 | D:5      | Killed Crazy Yiuf
  4354 | D:6      | Found a glowing golden altar of the Shining One.
  4433 | D:6      | Found a shadowy altar of Dithmenos.
  4434 | D:6      | Noticed Grinder
  4445 | D:6      | Killed Grinder
  4823 | D:7      | Reached **** piety under Trog
  4884 | D:7      | Reached skill level 9 in Short Blades
  4973 | D:7      | Found a runed translucent gate.
  4973 | D:7      | Found a runed translucent gate.
  4975 | D:7      | Found a runed translucent gate.
  4976 | D:7      | Noticed Azoth's ghost (novice DEFE)
  5136 | D:7      | Reached skill level 1 in Stealth
  5169 | D:7      | Found a staircase to the Ecumenical Temple.
  5443 | D:7      | Found a blossoming altar of Fedhas.
  5913 | D:5      | Bought the +1 ring mail of Elyvilon's Supremacy {rElec rF+
                  | rN+ Regen+} for 376 gold pieces
  6011 | D:8      | Reached XP level 10. HP: 45/53 MP: 11/11
  6266 | D:8      | Found a broken altar of Ashenzari.
  6341 | D:8      | Reached skill level 10 in Short Blades
  6454 | D:8      | Reached skill level 5 in Stealth
  6782 | D:9      | Found a shimmering altar of Xom.
  6796 | D:9      | Found an ancient bone altar of Kikubaaqudgha.
  6800 | D:9      | Found a burning altar of Makhleb.
  6800 | D:9      | Found a stormy altar of Qazlal.
  6808 | D:9      | Found an ornate altar of the Wu Jian Council.
  7154 | D:9      | Noticed justen's ghost (novice MiBe)
  7163 | D:9      | Found a transporter.
  7168 | D:9      | Found a transporter.
  7229 | D:10     | Entered Level 10 of the Dungeon
  7256 | D:10     | Noticed Nergalle
  7339 | D:9      | Reached XP level 11. HP: 60/60 MP: 12/12
  7373 | D:10     | Mangled by a spectral orc knight

Illustrated notes

Levels and vault maps discovered:
D:1:      minmay_arrival_five_plusses, layout_basic, minmay_indecisive_spiral
D:2:      layout_rooms, hellmonk_ecumenical_altar_blasted
D:3:      layout_loops_ring, nicolae_overflow_ecumenical_swirl,
          nicolae_concentric_dashed_squares_mild
D:4:      layout_loops_ring, kennysheep_little_box, serial_bayou_ford_a,
          minmay_misc_feat_pillars, uniq_edmund, uniq_sigmund
D:5:      kennysheep_kobold_camp, layout_loops_ring,
          mainiacjoe_overflow_small_starburst, serial_shops, shop_fountains,
          uniq_ijyb, uniq_pikel, uniq_blork_the_orc, uniq_menkaure,
          uniq_crazy_yiuf_cottage
D:6:      layout_gridville, kennysheep_mini_moat,
          grunt_dithmenos_smoke_and_mirrors, uniq_grinder
D:7:      layout_loops_corners, fedhas_altar_3, minmay_temple_entry_mini_moons,
          gammafunk_ghost_nasty_kobolds
D:8:      minmay_general_purpose_star, layout_basic, amcnicky_altar_gilded
D:9:      layout_rooms, nicolae_overflow_hallway_of_the_gods,
          gammafunk_ghost_hive
D:10:     layout_rooms, nzn_overflow_gifts_of_might_and_magic, slow_altar_1,
          grunt_lair_entry_orc_guard_hut, orc_0_dummy, gammafunk_ghost_ooze,
          nicolae_guarded_unrand_lochaber, uniq_maurice, uniq_nergalle

Skill      XL: |  1  2  3  4  5  6  7  8  9 10 |
---------------+-------------------------------+-----
Short Blades   | 3 4 5 6 7 9 10 | 10.0
Fighting       | 3 4 5 6 8 |  8.4
Dodging        | 2 3 4 5 7 |  7.4
Stealth        | 2 5 |  5.0
Armour         | |  1.5

Action                     |  1- 3 |  4- 6 |  7- 9 | 10-12 || total
---------------------------+-------+-------+-------+-------++-------
  Melee: Short sword       |    67 |   187 |   385 |   245 ||   884
         Bite              |    20 |    49 |   138 |    99 ||   306
         Punch             |       |     2 |     5 |     6 ||    13
 Invoke: Berserk           |     1 |     2 |     8 |     4 ||    15
         Trog's Hand       |       |       |       |     8 ||     8
    Use: Scroll            |       |     4 |     7 |     5 ||    16
   Stab: Sleeping          |       |     1 |     1 |     1 ||     3
         Distracted        |       |       |     1 |       ||     1
 Armour: Ring mail         |    39 |    87 |     1 |   114 ||   241
         Animal skin       |     2 |       |       |       ||     2
         Leather armour    |       |     6 |   139 |       ||   145
         Skin              |       |     1 |       |       ||     1
  Dodge: Dodged            |    45 |   118 |   151 |   141 ||   455

Table legend: (Time is in decaauts)
 A = Elapsed time spent in this place.
 B = Non-inter-level travel time spent in this place.
 C = Inter-level travel time spent in this place.
 D = Time resting spent in this place.
 E = Time spent auto-exploring this place.
 F = Levels seen in this place.
 G = Mean time per level.
                   A        B        C        D        E       F      G
               +--------+--------+--------+--------+--------+-----+--------+
         Total |   7198 |   6710 |    488 |      0 |   5103 |  10 |  719.8 |
       Dungeon |   7198 |   6710 |    488 |      0 |   5103 |  10 |  719.8 |
               +--------+--------+--------+--------+--------+-----+--------+

Top non-repeatable levels by time:
     D:5: 1346 daAuts
     D:7: 1031 daAuts
     D:4: 920 daAuts
     D:3: 795 daAuts
     D:8: 787 daAuts
     D:1: 678 daAuts
     D:9: 597 daAuts
     D:2: 519 daAuts
     D:6: 493 daAuts
    D:10: 27 daAuts
